Map: [ESL] Alcyone

Players

Bunny

  • Race: Terran Terran
  • Spawn Location: 1:00

Clem - Winner!

  • Race: Terran Terran
  • Spawn Location: 7:00

Event: IEM Katowice 2024

VOD

Have the link to the VOD?

Description

Time

  • Played on: Feb. 10, 2024, 7:27 a.m.
  • Length: 12:56

All games in this series

Show
View Real Time Build Order
Export as new Build Order

Bunny Terran 

Build Orders: Cyclone Opening 

Get SALT Encoding   

  12  0:00  SCV  
  13  0:12  SCV  
  14  0:17  Supply Depot  
  14  0:24  SCV  
  15  0:38  SCV  
  15  0:40  Barracks  
  15  0:42  Refinery  
  16  0:50  SCV  
  16  0:52  Refinery  
  17  1:02  SCV  
  18  1:15  SCV  
  19  1:27  Orbital Command, Reaper  
  19  1:32  Supply Depot  
  20  1:40  Factory  
  20  1:52  SCV  
  21  1:59  Reaper  
  22  2:04  SCV  
  23  2:14  Command Center  
  23  2:17  SCV  
  24  2:24  Cyclone  
  24  2:29  SCV  
  27  2:37  Starport  
  27  2:41  SCV  
  28  2:46  Barracks Reactor  
  28  2:48  Supply Depot  
  28  2:53  SCV  
  28  2:56  Cyclone  
  31  3:09  SCV  
  32  3:13  Medivac  
  34  3:21  SCV  
  35  3:30  Orbital Command  
  35  3:33  SCV, Refinery  
  36  3:39  Cyclone x2  
  40  3:45  Starport Tech Lab, SCV  
  40  3:55  SCV  
  40  3:58  SCV  
  42  4:04  Raven  
  42  4:07  SCV  
  42  4:08  Supply Depot  
  45  4:10  SCV  
  45  4:11  Cyclone  
  45  4:20  Cyclone  
  45  4:22  SCV x2  
  49  4:29  Command Center  
  49  4:38  SCV x2  
  51  4:46  Raven  
  51  4:48  Cyclone  
  51  4:51  SCV x2, Supply Depot  
  51  4:52  Cyclone  
  55  5:04  SCV x2  
  52  5:15  Barracks Tech Lab  
  52  5:16  Supply Depot, SCV x2  
  52  5:18  Interference Matrix  
  52  5:20  Cyclone  
  55  5:24  Cyclone  
  55  5:28  SCV x2  
  58  5:30  Raven  
  58  5:34  Marine  
  58  5:35  Supply Depot  
  61  5:40  SCV x2  
  63  5:43  Barracks  
  63  5:44  Barracks  
  63  5:46  Orbital Command  
  63  5:52  Cyclone, SCV x2  
  63  5:53  Marine  
  63  5:55  Refinery  
  63  5:56  Cyclone  
  70  5:58  Stimpack  
  70  6:04  SCV x2  
  70  6:08  Orbital Command  
  72  6:15  Engineering Bay  
  72  6:16  Engineering Bay  
  72  6:18  SCV x2  
  74  6:22  Barracks  
  74  6:23  Barracks  
  74  6:25  Starport Reactor  
  74  6:28  Marine  
  74  6:30  SCV x2  
  77  6:34  Barracks Reactor  
  77  6:36  SCV  
  78  6:42  Terran Infantry Weapons Level 1, SCV x2  
  78  6:43  Terran Infantry Armor Level 1, Supply Depot  
  78  6:45  Siege Tank, Marine  
  78  6:46  Marine  
  85  6:48  SCV  
  86  6:54  SCV x2  
  86  6:57  Marine  
  86  7:00  SCV  
  90  7:03  Marine x2  
  90  7:05  Medivac x2, Supply Depot x2  
  90  7:06  SCV x2  
  98  7:11  Barracks Reactor  
  98  7:12  Barracks Reactor  
  98  7:13  Marine x2  
  98  7:15  Marine, SCV  
  102  7:17  Supply Depot  
  102  7:25  Siege Tank  
  102  7:26  Marine x2  
  107  7:31  Marine x2  
  107  7:33  Marine  
  109  7:39  Combat Shield  
  102  7:44  Marine x2  
  102  7:49  Marine x2  
  102  7:50  Marine  
  107  7:51  Marine x4  
  107  7:57  Siege Tank  
  112  8:00  SCV x3  
  112  8:02  Marine x2  
  112  8:05  Supply Depot  
  115  8:07  Marine x2, Refinery x2  
  115  8:08  Command Center, Marine  
  115  8:09  Armory, Marine  
  115  8:12  SCV x3  
  122  8:13  Marine x3  
  122  8:19  Marine  
  125  8:20  Sensor Tower  
  125  8:23  Medivac  
  125  8:25  SCV x3  
  131  8:27  Marine x4  
  131  8:30  Supply Depot  
  131  8:34  Siege Tank  
  138  8:40  Missile Turret  
  138  8:43  Medivac  
  138  8:44  Supply Depot  
  138  8:47  Marine  
  141  8:51  Marine x7  
  141  8:53  Supply Depot x2  
  148  8:56  SCV  
  149  9:06  Siege Tank, Medivac, Marine, SCV x2  
  157  9:11  Supply Depot  
  157  9:14  Medivac, Marine x3  
  162  9:18  Marine x5  
  162  9:22  SCV x3  
  162  9:23  Marine  
  169  9:32  Marine x3  
  169  9:33  Terran Infantry Weapons Level 2, Terran Infantry Armor Level 2  
  169  9:35  Marine  
  169  9:36  Marine  
  168  9:40  Marine  
  168  9:41  Marine x3  
  168  9:42  SCV x3  
  168  9:43  Planetary Fortress  
  175  9:50  Marine  
  175  9:51  Marine x2  
  177  9:53  Marine  
  177  9:54  Marine  
  177  9:55  Medivac x2  
  177  9:58  Siege Tank, Marine  
  183  10:01  Terran Vehicle Weapons Level 1, Marine  
  183  10:02  Marine x2  
  186  10:07  Marine  
  186  10:08  SCV x3  
  186  10:09  Marine x2, Refinery  
  186  10:12  Refinery  
  190  10:19  Marine x5  
  190  10:20  Marine  
  196  10:29  Marine  
  196  10:34  Siege Tank  
  196  10:39  Marine  
  196  10:43  Medivac, Marine x4  
  196  10:48  Medivac  
  195  10:50  Factory  
  192  11:01  Barracks  
  192  11:02  Barracks  
  192  11:03  Barracks  
  176  11:05  Marine  
  176  11:06  Siege Tank, Marine x8  
  121  11:13  Viking  
  121  11:18  Viking  
  115  11:22  Starport  
  115  11:23  Marine x3, Starport  
  115  11:24  Marine x6  
  126  11:31  SCV  
  127  11:37  Factory Tech Lab  
  127  11:39  Siege Tank  
  124  11:41  Marine x8  
  124  11:43  Viking, SCV  
  135  11:48  Viking  
  135  11:49  Marine  
  135  11:51  Marine  
  135  11:52  Marine x2  
  140  11:55  SCV  
  140  11:59  Marine x8  
  88  12:07  Marine  
  85  12:09  Marine  
  85  12:10  Marine x2  
  83  12:17  Marine x4  
  83  12:18  Marine  
  83  12:19  Marine x3  
  88  12:25  Viking, Marine  
Show
View Real Time Build Order
Export as new Build Order

Clem Terran - Winner!

Build Orders: Cyclone Opening 

Get SALT Encoding   

  12  0:00  SCV  
  13  0:12  SCV  
  14  0:17  Supply Depot  
  14  0:24  SCV  
  15  0:38  SCV  
  15  0:40  Barracks  
  15  0:42  Refinery  
  16  0:51  SCV  
  16  0:52  Refinery  
  17  1:03  SCV  
  18  1:15  SCV  
  19  1:27  Orbital Command, Reaper  
  20  1:33  Supply Depot  
  20  1:41  Factory  
  20  1:52  SCV  
  21  2:00  Reaper  
  22  2:04  SCV  
  23  2:17  SCV  
  23  2:19  Command Center  
  24  2:27  Cyclone  
  26  2:30  SCV  
  27  2:37  Starport  
  27  2:43  SCV  
  28  2:47  Supply Depot  
  28  2:48  Barracks Reactor  
  29  2:58  SCV  
  29  2:59  Cyclone  
  30  3:10  SCV  
  31  3:15  Medivac  
  33  3:20  Refinery  
  33  3:22  SCV  
  34  3:34  SCV  
  34  3:36  Orbital Command  
  35  3:44  Cyclone x2  
  35  3:45  Starport Tech Lab  
  39  3:48  SCV  
  39  3:52  Supply Depot  
  40  4:00  SCV  
  41  4:04  SCV  
  41  4:06  Raven  
  44  4:11  Supply Depot  
  44  4:13  SCV  
  44  4:16  Cyclone, SCV  
  48  4:25  SCV  
  48  4:26  Cyclone  
  48  4:28  SCV  
  52  4:35  Supply Depot  
  52  4:37  SCV  
  53  4:40  SCV  
  53  4:44  Raven  
  56  4:49  SCV  
  56  4:51  Cyclone  
  60  4:52  SCV  
  60  4:58  Cyclone  
  60  4:59  Marine  
  58  5:01  SCV  
  58  5:04  SCV  
  57  5:13  SCV  
  56  5:14  Command Center  
  56  5:16  Supply Depot  
  56  5:17  SCV  
  56  5:20  Raven  
  59  5:25  SCV, Refinery  
  59  5:28  Cyclone  
  59  5:29  SCV  
  59  5:31  Barracks Tech Lab  
  59  5:33  Cyclone  
  59  5:34  Interference Matrix  
  64  5:37  SCV  
  64  5:40  Supply Depot  
  64  5:42  SCV  
  66  5:50  SCV  
  66  5:53  Barracks  
  66  5:54  Barracks, Raven  
  69  5:58  SCV  
  69  6:02  SCV  
  69  6:03  Cyclone  
  73  6:05  Cyclone  
  73  6:10  SCV  
  75  6:11  Supply Depot  
  75  6:13  Stimpack  
  75  6:14  SCV, Marine  
  77  6:22  SCV, Engineering Bay x2  
  78  6:27  SCV  
  79  6:34  Barracks, SCV  
  79  6:36  Barracks  
  79  6:37  Marine  
  79  6:39  SCV  
  82  6:40  Starport Reactor  
  82  6:41  Barracks Reactor  
  82  6:43  Supply Depot  
  82  6:48  Terran Infantry Weapons Level 1, Terran Infantry Armor Level 1  
  82  6:52  Orbital Command  
  82  6:53  SCV  
  82  6:55  SCV  
  82  6:58  Marine  
  84  7:01  Supply Depot  
  84  7:04  Siege Tank  
  84  7:05  SCV  
  88  7:10  Marine, Supply Depot  
  88  7:15  SCV  
  90  7:16  Missile Turret  
  90  7:17  Missile Turret  
  90  7:18  SCV  
  90  7:19  Medivac  
  90  7:22  Medivac  
  95  7:23  Barracks Reactor, Marine  
  95  7:24  Marine  
  95  7:29  SCV  
  98  7:31  SCV  
  98  7:32  Barracks Reactor  
  98  7:33  Marine  
  98  7:34  Marine  
  98  7:35  Marine  
  98  7:36  Siege Tank  
  106  7:37  SCV  
  106  7:41  SCV, Marine  
  106  7:43  Refinery  
  108  7:47  Armory  
  108  7:48  SCV, Marine  
  108  7:50  Marine  
  111  7:51  Marine, Medivac  
  111  7:53  Marine  
  111  7:57  SCV  
  116  7:59  Marine  
  116  8:00  Combat Shield, Marine x2  
  116  8:04  Refinery  
  119  8:05  Marine  
  119  8:06  Medivac  
  119  8:08  Marine  
  119  8:09  Marine x3  
  126  8:15  Siege Tank  
  126  8:18  SCV x2  
  126  8:19  SCV  
  132  8:21  Marine x3  
  132  8:24  Supply Depot, Marine  
  136  8:29  Supply Depot, Marine x5  
  141  8:38  Command Center  
  141  8:42  Terran Infantry Weapons Level 2  
  141  8:43  Marine x3  
  141  8:44  Marine  
  141  8:48  Terran Infantry Armor Level 2  
  145  8:52  Siege Tank  
  145  8:53  Marine x3  
  151  8:55  Marine  
  151  8:56  Marine  
  151  9:01  Sensor Tower  
  153  9:03  Marine, Supply Depot  
  153  9:04  Marine  
  153  9:05  Supply Depot  
  155  9:14  Supply Depot, Marine x2  
  155  9:16  Supply Depot  
  157  9:17  Marine  
  157  9:24  Medivac, Marine x6  
  157  9:29  Siege Tank  
  157  9:30  Supply Depot  
  157  9:31  Terran Vehicle Weapons Level 1, Supply Depot  
  168  9:32  Marine  
  165  9:39  Viking  
  165  9:40  Marine  
  165  9:42  Supply Depot  
  165  9:43  Marine x2  
  165  9:44  Marine  
  171  9:46  Marine x2  
  171  9:52  Factory  
  173  9:53  Marine x2  
  173  9:57  Marine  
  174  10:00  Barracks Reactor  
  174  10:01  Siege Tank, Marine x2  
  174  10:03  Marine  
  174  10:04  SCV  
  181  10:07  SCV  
  181  10:13  Marine x2  
  183  10:14  Marine  
  183  10:15  SCV  
  183  10:18  Sensor Tower  
  183  10:19  Marine x3  
  183  10:21  SCV  
  189  10:24  Marine  
  189  10:26  SCV  
  191  10:29  Marine  
  191  10:31  Marine x2  
  191  10:33  SCV  
  189  10:37  Viking x2  
  189  10:42  Siege Tank  
  183  10:44  Marine x2  
  183  10:51  Command Center  
  182  10:57  Marine x2  
  172  11:05  Siege Tank, Marine x5  
  172  11:07  Viking, Marine  
  172  11:08  Marine  
  154  11:11  Marine  
  154  11:14  Marine  
  154  11:15  Marine  
  154  11:20  Siege Tank  
  154  11:22  Marine  
  154  11:23  Marine  
  159  11:29  Marine  
  159  11:32  Marine  
  161  11:37  Siege Tank, Marine  
  161  11:38  Marine x3  
  168  11:40  Marine x2  
  168  11:43  Viking  
  172  11:51  Marine  
  172  11:52  Siege Tank  
  176  11:58  Marine  
  176  11:59  Marine x4  
  176  12:01  Marine x2  
  168  12:03  Marine x2  
  168  12:09  Medivac  
  168  12:10  Siege Tank  
  168  12:11  Marine  
  174  12:16  Marine x2  
  174  12:18  Marine  
  174  12:19  Viking  
  174  12:22  Marine x3  
  182  12:24  Siege Tank  
  182  12:28  Marine  
  182  12:29  Marine x2  
  185  12:32  Marine  

Tags
 
Add a new tag
Caveats
  • Supply blocks, unpowered buildings, or Contaminate may cause inaccurate times.
  • Supply counts are checked every 10 seconds.